 Dungeon Crawl Stone Soup version 0.22.1-2-g9c5b331383 (webtiles) character file.

27 JGreham the Skirmisher (level 3, -4/40 HPs)
             Began as an Ogre Berserker on Dec 27, 2018.
             Slain by a black bear (7 damage)
             ... created by the rage of Trog
             ... on level 1 of the Dungeon.
             The game lasted 00:04:22 (877 turns).

JGreham the Skirmisher (Ogre Berserker)              Turns: 877, Time: 00:04:22

Health: -4/40      AC:  3    Str: 22    XL:     3   Next: 10%
Magic:  3/3        EV: 10    Int:  8    God:    Xom [..*...]
Gold:   31         SH:  0    Dex:  8    Spells: 2/2 levels left

rFire    . . .     SeeInvis .   a - +0 hand axe
rCold    . . .     Gourm    .   (no shield)
rNeg     . . .     Faith    .   b - +0 animal skin
rPois    .         Spirit   .   (helmet restricted)
rElec    .         Reflect  .   (no cloak)
rCorr    .         Harm     .   (gloves unavailable)
MR       .....                  (boots unavailable)
Stlth    +.........             (no amulet)
HPRegen  0.13/turn              (no ring)
MPRegen  0.08/turn              (no ring)

@: no status effects
A: large, unfitting armour, tough skin 1
a: Renounce Religion


You were on level 1 of the Dungeon.
You worshipped Xom.
You were a toy of Xom.
You were not hungry.

You visited 1 branch of the dungeon, and saw 1 of its levels.

You collected 31 gold pieces.

Inventory:

Hand Weapons
 a - a +0 hand axe (weapon)
Armour
 b - a +0 animal skin (worn)
Scrolls
 d - a scroll of fear {unknown}
Potions
 f - 2 potions of curing
Comestibles
 c - 4 rations


   Skills:
 + Level 4.5 Fighting
 + Level 3.4 Axes
 + Level 3.0 Dodging


You had 2 spell levels left.
You didn't know any spells.
Your spell library was empty.

Dungeon Overview and Level Annotations

Branches:
Dungeon (1/15)

Altars:
Xom


Innate Abilities, Weirdness & Mutations

You are too large for most types of armour.
You have tough skin. (AC +1)


Message History

The polar bear rages.
The polar bear bites you!!
Ouch! That really hurt!
A shower of butterflies erupts from you!
The polar bear closely misses you. x2
You swap places.
The polar bear misses your butterfly.
The polar bear completely misses your butterfly. x2
Xom plays with reality for a moment.
The polar bear closely misses your butterfly. x3
The polar bear closely misses your butterfly.
The polar bear claws your butterfly.
Your butterfly dies!
The polar bear bites you!
* * * LOW HITPOINT WARNING * * *
The polar bear barely misses you. x2
You swap places.
The black bear closely misses you. The black bear claws you.
* * * LOW HITPOINT WARNING * * *
The black bear claws you!
You die...
Xom bursts into laughter!

#.........######
#. ######....#
#. ######. #.
#.....#########
#.
#...........b.#
########.
##....(..hh.b..#
#........
.......b..hbb..#
###.#######
#........hb...#
#...#


PPPPPPPPPPP@P#####.### P.....P.....P......# PPP.P.P.PPP.P.###### P...P...P...P.#
P.P.PPP.PPPPP.# # P.P...P.....P.# #.P.PPPPP)PPPPP.# #...P...†....((.#
##P.P.PPP.P.PPP.# You could see 2 polar bears and 2 black bears.

Vanquished Creatures
  A dart slug (D:1)
  A leopard gecko (D:1)
  2 goblins (D:1)
  4 hobgoblins (D:1)
  4 jackals (D:1)
  3 kobolds (D:1)
  A ball python (D:1)
  2 bats (D:1)
  2 frilled lizards (D:1)
  2 rats (D:1)
22 creatures vanquished.

Notes
Turn   | Place    | Note
-------+----------+-------------------------------------------
     0 | D:1      | JGreham the Ogre Berserker began the quest for the Orb.
     0 | D:1      | Reached XP level 1. HP: 24/24 MP: 1/1
    65 | D:1      | Reached XP level 2. HP: 16/32 MP: 2/2
   487 | D:1      | Reached XP level 3. HP: 20/40 MP: 3/3
   509 | D:1      | Found a shadowy altar of Dithmenos.
   648 | D:1      | Found a radiant altar of Vehumet.
   648 | D:1      | Found a shimmering altar of Xom.
   652 | D:1      | Found a shimmering altar of Xom.
   652 | D:1      | Found an ancient bone altar of Kikubaaqudgha.
   652 | D:1      | Found a shimmering altar of Xom.
   684 | D:1      | Fell from the grace of Trog
   684 | D:1      | Became a worshipper of Xom of Chaos
   872 | D:1      | Noticed a black bear
   872 | D:1      | Noticed a black bear
   872 | D:1      | Noticed a polar bear
   872 | D:1      | Noticed a polar bear
   873 | D:1      | XOM: butterfly on damage
   875 | D:1      | XOM: cast spell 'Summon Butterflies'
   877 | D:1      | Slain by a black bear

Skill      XL: |  1  2 |
---------------+-------+-----
Dodging        | 3 |  3.0
Fighting       | |  4.5
Axes           | |  3.4

Action                   || total
-------------------------++-------
Melee: Hand axe          ||    73
  Use: Potion            ||     3
  Eat: Ration            ||     1
Armor: Animal skin       ||    17
Dodge: Dodged            ||    47
